Map: Para Site LE

Players

Lambo - Winner!

  • Race: Zerg Zerg
  • League: Master
  • Spawn Location: 5:00

Crow

  • Race: Zerg Zerg
  • League: Grandmaster
  • Spawn Location: 11:00

VOD

Have the link to the VOD?

Description

Time

  • Played on: Dec. 6, 2018, 11:51 a.m.
  • Length: 25:01
Show
View Real Time Build Order
Export as new Build Order

Lambo Zerg - Winner!

Build Orders: Hatch First, Lurkers, Zergling Baneling 

Get SALT Encoding   

  12  0:00  Drone  
  13  0:12  Overlord  
  13  0:16  Drone  
  14  0:31  Drone x2  
  16  0:47  Hatchery  
  15  0:50  Drone  
  15  0:55  Drone  
  17  0:59  Drone  
  18  1:09  Extractor  
  17  1:13  Spawning Pool  
  17  1:17  Drone  
  17  1:19  Drone  
  18  1:29  Drone  
  19  1:39  Drone  
  20  1:51  Drone  
  21  2:01  Queen x2, Zergling x2  
  21  2:02  Overlord  
  26  2:10  Metabolic Boost  
  26  2:11  Drone  
  26  2:12  Drone  
  28  2:22  Drone x2  
  30  2:36  Hatchery  
  29  2:42  Baneling Nest  
  29  2:43  Drone x2  
  30  2:45  Drone  
  30  2:49  Overlord  
  31  2:56  Zergling x2  
  31  2:57  Zergling x2  
  34  3:12  Zergling x2  
  34  3:13  Zergling x10  
  39  3:25  Overlord  
  39  3:26  Drone  
  39  3:27  Drone, Zergling x2  
  41  3:32  Evolution Chamber  
  41  3:38  Zergling x2  
  41  3:39  Drone  
  41  3:40  Baneling x2  
  43  3:43  Drone, Queen  
  43  3:44  Baneling  
  43  3:45  Baneling  
  43  3:47  Drone x3  
  49  3:50  Drone x2  
  50  4:01  Drone x2  
  51  4:07  Drone x2  
  52  4:10  Zergling x2  
  52  4:11  Overlord  
  53  4:19  Drone  
  53  4:20  Drone x2  
  53  4:22  Drone  
  53  4:23  Drone x2  
  56  4:26  Zergling x2  
  56  4:28  Baneling  
  56  4:30  Baneling  
  56  4:31  Baneling x2  
  57  4:33  Zergling x4  
  57  4:35  Drone  
  57  4:36  Extractor  
  57  4:37  Extractor  
  58  4:39  Drone  
  58  4:44  Drone x4  
  63  4:46  Overlord  
  63  4:53  Drone x2  
  63  4:54  Zerg Missile Weapons Level 1  
  63  4:55  Overlord x2, Roach Warren  
  64  5:08  Drone x5  
  64  5:14  Drone  
  70  5:25  Drone  
  70  5:26  Drone  
  69  5:32  Hatchery  
  69  5:34  Drone x6  
  71  5:37  Pneumatized Carapace  
  71  5:38  Lair  
  71  5:39  Drone  
  71  5:40  Roach x2  
  71  5:41  Baneling  
  76  5:44  Extractor x2  
  76  5:45  Overlord  
  76  5:46  Roach  
  76  5:48  Roach  
  76  5:49  Roach  
  78  5:54  Roach, Overlord, Extractor  
  78  5:55  Drone  
  79  6:03  Drone x2  
  80  6:07  Ravager  
  80  6:13  Drone x7  
  80  6:17  Drone x2  
  89  6:26  Overlord  
  80  6:33  Drone x6  
  80  6:38  Glial Reconstitution  
  86  6:42  Evolution Chamber  
  86  6:43  Overseer  
  86  6:44  Roach x10  
  105  6:55  Zergling x4  
  105  7:00  Roach x3  
  105  7:01  Roach  
  115  7:04  Overlord  
  115  7:08  Queen  
  115  7:09  Drone x2  
  115  7:10  Drone  
  115  7:13  Overlord, Zerg Ground Armor Level 1  
  115  7:14  Overlord x2  
  115  7:15  Overlord  
  120  7:16  Overlord  
  120  7:20  Overlord  
  120  7:24  Zerg Missile Weapons Level 2  
  120  7:25  Overlord  
  120  7:30  Baneling  
  120  7:31  Baneling x2  
  120  7:33  Zergling x2  
  120  7:35  Drone x4  
  125  7:38  Roach x6  
  125  7:40  Extractor  
  125  7:43  Burrow  
  135  7:46  Roach x3  
  135  7:47  Ravager x2  
  135  7:48  Ravager  
  144  7:52  Spine Crawler  
  144  7:56  Roach x4  
  144  7:57  Tunneling Claws, Baneling x2  
  151  7:59  Overseer  
  151  8:03  Roach x4  
  159  8:06  Roach  
  159  8:07  Roach  
  159  8:08  Drone  
  159  8:09  Drone  
  165  8:14  Overlord  
  165  8:19  Roach x5  
  175  8:20  Roach  
  177  8:30  Roach x3  
  183  8:36  Overlord  
  183  8:37  Roach x4  
  189  8:42  Ravager  
  189  8:47  Overlord  
  190  8:49  Queen, Hatchery  
  190  8:53  Overlord, Hydralisk Den  
  190  8:55  Roach  
  190  9:03  Overlord  
  190  9:04  Overlord  
  190  9:05  Overlord  
  190  9:12  Roach x5  
  190  9:16  Overseer  
  199  9:20  Overseer, Spine Crawler  
  199  9:21  Spine Crawler  
  199  9:23  Grooved Spines  
  193  9:32  Drone x3  
  193  9:33  Infestation Pit  
  193  9:34  Roach x3  
  193  9:37  Roach x4  
  193  9:38  Roach x2  
  196  9:42  Roach  
  196  9:43  Roach x3  
  184  9:54  Roach x9  
  193  10:05  Roach x2  
  193  10:06  Roach x6  
  198  10:11  Lurker Den, Hive  
  198  10:13  Overlord  
  195  10:21  Roach x6  
  199  10:22  Roach x4  
  199  10:29  Zerg Ground Armor Level 2  
  199  10:32  Overlord  
  197  10:37  Roach  
  197  10:38  Roach  
  197  10:42  Roach x2  
  199  10:45  Roach x5  
  183  10:51  Hydralisk  
  183  10:56  Hydralisk x3  
  185  11:01  Hydralisk x3  
  179  11:06  Hydralisk x3  
  167  11:12  Hydralisk  
  167  11:16  Hydralisk x3  
  164  11:21  Hydralisk, Roach x6  
  128  11:27  Hydralisk  
  128  11:28  Hydralisk x3  
  110  11:33  Overseer  
  110  11:34  Hydralisk x3  
  110  11:38  Roach x7  
  110  11:39  Roach x2  
  110  11:40  Lurker x2  
  111  11:48  Roach  
  111  11:53  Overlord  
  111  11:56  Muscular Augments  
  105  12:08  Overlord  
  105  12:10  Drone x3  
  105  12:11  Drone x4  
  105  12:14  Roach Warren  
  105  12:15  Lurker x3  
  114  12:18  Roach x9  
  112  12:23  Drone x7  
  112  12:25  Lurker  
  120  12:30  Extractor  
  120  12:33  Lurker x2  
  120  12:34  Overseer  
  121  12:43  Lurker x2  
  123  12:45  Extractor  
  112  13:02  Adaptive Talons  
  112  13:05  Viper  
  113  13:09  Drone x3  
  116  13:13  Roach x3  
  116  13:16  Drone x4  
  116  13:17  Drone x4  
  124  13:20  Spine Crawler, Hatchery  
  124  13:21  Queen x2  
  126  13:29  Zerg Missile Weapons Level 3  
  126  13:30  Viper  
  129  13:44  Viper  
  126  14:00  Hydralisk x2, Roach x10  
  150  14:10  Hydralisk x4  
  150  14:11  Hydralisk  
  160  14:22  Roach x7  
  161  14:29  Roach x3  
  140  14:34  Roach  
  140  14:40  Lurker x2  
  142  14:46  Drone x5  
  142  14:51  Lurker x2  
  149  14:56  Lurker  
  150  15:03  Hydralisk  
  150  15:04  Hydralisk  
  150  15:05  Drone x2  
  156  15:13  Overseer  
  156  15:16  Extractor  
  156  15:18  Hydralisk x2  
  156  15:21  Extractor  
  158  15:35  Lurker x2  
  160  15:36  Drone x3  
  160  15:37  Drone x3  
  160  15:40  Viper  
  169  15:50  Viper  
  172  16:05  Roach x8  
  172  16:06  Hydralisk x6  
  170  16:20  Hydralisk  
  170  16:21  Hydralisk x5  
  165  16:34  Overseer  
  158  16:41  Hydralisk x5  
  148  16:49  Hydralisk x3  
  127  17:02  Roach x4  
  133  17:08  Hydralisk x2  
  133  17:11  Extractor  
  136  17:16  Roach x3  
  142  17:25  Roach x3  
  148  17:31  Roach x2  
  148  17:35  Roach  
  154  17:38  Roach  
  154  17:39  Roach  
  158  17:53  Roach x3  
  164  17:58  Roach x2, Spawning Pool  
  167  18:17  Overseer  
  152  18:28  Roach x4  
  152  18:31  Overlord x3  
  156  18:47  Roach x5  
  156  18:48  Roach x2  
  155  18:57  Overseer  
  149  19:05  Lair  
  149  19:13  Roach x4  
  149  19:14  Roach x2  
  161  19:21  Hatchery  
  158  19:30  Roach x5  
  158  19:31  Roach  
  170  19:32  Overseer  
  170  19:59  Overseer  
  162  20:10  Overseer, Spine Crawler  
  161  20:16  Ravager x16  
  161  20:17  Overlord, Ravager x3  
  161  20:19  Overlord  
  180  20:27  Hydralisk Den  
  179  20:31  Extractor  
  179  20:34  Overlord, Extractor  
  179  20:35  Overlord  
  173  20:45  Drone x10  
  180  21:01  Drone  
  180  21:03  Hydralisk x2  
  180  21:04  Hydralisk  
  183  21:32  Drone x3, Lurker Den  
  186  21:33  Drone x3  
  188  21:40  Lair  
  188  21:43  Hydralisk x3  
  188  21:44  Hydralisk  
  188  21:45  Infestation Pit  
  173  22:21  Drone x2, Hive  
  173  22:22  Drone x4  
  179  22:24  Hydralisk x4  
  179  22:25  Overseer  
  187  22:31  Overseer  
  187  22:33  Hatchery  
  183  22:38  Roach x8  
  169  22:45  Overseer x2  
  169  22:46  Overseer x2  
  169  22:48  Spine Crawler  
  169  22:51  Drone x6  
  171  22:55  Hydralisk x2  
  172  23:21  Overseer  
  158  23:47  Hydralisk x13  
  118  23:56  Hydralisk  
  107  24:04  Viper  
  107  24:06  Hydralisk x2  
  117  24:13  Drone  
  117  24:14  Drone x3  
  117  24:15  Extractor  
  117  24:16  Extractor  
  116  24:18  Roach x2  
  116  24:21  Queen  
  116  24:23  Roach x4  
  135  24:24  Lurker x5  
  135  24:31  Roach  
  137  24:32  Overseer  
Show
View Real Time Build Order
Export as new Build Order

Crow Zerg 

Build Orders: Hatch First, Lurkers 

Get SALT Encoding   

  12  0:00  Drone  
  13  0:12  Overlord  
  13  0:17  Drone  
  14  0:31  Drone x2  
  16  0:48  Hatchery  
  15  0:51  Drone  
  15  0:55  Drone  
  17  0:57  Drone  
  18  1:09  Extractor  
  17  1:13  Spawning Pool  
  17  1:16  Drone  
  17  1:19  Drone  
  18  1:28  Drone  
  19  1:40  Drone  
  20  1:52  Overlord  
  20  2:00  Queen x2  
  24  2:03  Drone x2  
  26  2:09  Metabolic Boost  
  26  2:12  Drone x2  
  28  2:24  Zergling x4  
  30  2:34  Drone, Hatchery  
  30  2:37  Drone  
  31  2:45  Drone  
  31  2:46  Drone  
  31  2:49  Baneling Nest  
  32  2:53  Overlord  
  32  3:03  Drone  
  33  3:09  Drone x3  
  33  3:12  Drone x3  
  39  3:13  Zergling x4  
  39  3:18  Queen  
  43  3:24  Overlord  
  43  3:31  Zergling x2  
  44  3:35  Baneling  
  44  3:36  Baneling x3  
  43  3:43  Baneling x2  
  43  3:45  Zergling x8  
  43  3:46  Zergling x8  
  43  3:48  Drone  
  52  3:55  Drone x2  
  54  4:09  Drone x2  
  56  4:10  Drone x4  
  56  4:13  Evolution Chamber  
  56  4:15  Roach Warren  
  54  4:19  Overlord  
  54  4:22  Lair  
  52  4:25  Extractor  
  52  4:26  Drone x4  
  55  4:33  Overlord  
  55  4:34  Overlord, Extractor  
  54  4:39  Drone  
  54  4:40  Drone x4  
  59  4:48  Overlord  
  59  4:50  Drone x4  
  63  4:53  Zerg Missile Weapons Level 1  
  63  4:54  Drone  
  63  4:55  Drone  
  65  5:00  Drone x2  
  65  5:04  Drone  
  65  5:05  Drone x3  
  65  5:06  Extractor  
  71  5:07  Zergling x4  
  71  5:08  Zergling x2  
  71  5:10  Baneling x2  
  71  5:11  Zergling x2  
  74  5:16  Zergling x4  
  76  5:25  Zergling x4  
  76  5:26  Drone x2  
  73  5:36  Drone x9  
  73  5:39  Pneumatized Carapace, Extractor  
  73  5:40  Extractor  
  80  5:45  Overlord  
  80  5:48  Drone x2, Glial Reconstitution  
  82  5:54  Drone x2  
  84  5:59  Hatchery  
  84  6:00  Overlord  
  84  6:03  Evolution Chamber  
  82  6:04  Roach  
  82  6:05  Roach x3  
  82  6:10  Overseer, Roach x2  
  93  6:19  Roach x6  
  93  6:22  Overlord x2  
  105  6:26  Overlord  
  104  6:33  Zerg Ground Armor Level 1  
  104  6:37  Overlord x2  
  104  6:42  Roach  
  104  6:43  Roach x6  
  118  6:52  Overlord  
  118  6:53  Roach  
  118  6:54  Roach x4  
  128  6:58  Roach x2  
  128  6:59  Zerg Missile Weapons Level 2  
  128  7:00  Extractor  
  131  7:06  Roach  
  131  7:07  Roach x3  
  139  7:09  Overlord x2  
  139  7:10  Overseer  
  139  7:11  Overseer  
  139  7:18  Roach x5  
  139  7:22  Overlord x2  
  149  7:27  Spore Crawler  
  149  7:29  Spore Crawler  
  147  7:30  Roach x3  
  147  7:33  Burrow  
  147  7:35  Tunneling Claws  
  147  7:36  Roach  
  155  7:41  Roach x3  
  161  7:50  Roach x5  
  171  7:55  Overlord  
  171  7:56  Roach  
  171  7:57  Roach  
  171  7:58  Drone x2  
  176  7:59  Drone  
  176  8:03  Drone x3  
  176  8:05  Ravager x4  
  185  8:19  Ravager x4  
  190  8:20  Roach x3, Ravager  
  196  8:40  Infestation Pit  
  194  8:43  Hydralisk Den  
  189  8:54  Spine Crawler  
  188  8:55  Spine Crawler  
  184  9:18  Hive  
  184  9:19  Overseer  
  184  9:24  Zerg Ground Armor Level 2  
  184  9:29  Drone x2  
  186  9:33  Spine Crawler  
  186  9:35  Spine Crawler  
  186  9:36  Roach  
  186  9:37  Roach x7  
  196  9:48  Lurker Den  
  191  9:56  Roach x4  
  195  10:00  Drone x16  
  195  10:02  Roach x3  
  197  10:10  Queen  
  195  10:27  Roach  
  195  10:28  Roach x2  
  198  10:35  Roach  
  198  10:36  Roach  
  199  10:43  Hatchery  
  199  10:48  Overlord x3  
  199  10:49  Swarm Host  
  194  10:54  Roach x5  
  194  10:56  Roach Warren  
  181  11:00  Roach x9  
  181  11:01  Queen  
  179  11:07  Roach  
  179  11:08  Roach x8  
  177  11:14  Roach  
  155  11:26  Roach x4  
  155  11:31  Roach x3  
  128  11:44  Hydralisk x4  
  128  11:46  Extractor  
  131  11:50  Extractor  
  131  11:52  Hydralisk x3  
  131  11:53  Zerg Missile Weapons Level 3  
  136  11:54  Adaptive Talons  
  136  12:05  Roach  
  136  12:06  Drone, Roach x7  
  136  12:07  Overseer x2  
  136  12:08  Overseer  
  148  12:14  Spine Crawler  
  147  12:16  Spine Crawler  
  147  12:17  Spine Crawler  
  144  12:24  Lurker x3  
  144  12:26  Queen  
  144  12:29  Hatchery  
  146  12:32  Drone x4  
  146  12:34  Drone  
  151  12:47  Drone x7  
  151  12:48  Drone x8  
  151  12:53  Hydralisk  
  151  12:55  Roach x14  
  177  13:07  Spine Crawler x2  
  175  13:13  Lurker x2  
  175  13:17  Lurker  
  175  13:18  Hydralisk  
  175  13:19  Hydralisk x3  
  186  13:25  Drone  
  186  13:26  Drone x4  
  191  13:28  Drone  
  192  13:39  Zerg Ground Armor Level 3  
  191  13:47  Drone  
  191  13:48  Overseer, Drone x3  
  193  13:57  Roach x6  
  193  14:00  Hydralisk  
  193  14:01  Hydralisk x2  
  169  14:31  Viper x5  
  174  14:40  Hydralisk  
  174  14:41  Hydralisk x6  
  188  14:53  Roach x6  
  200  15:06  Roach x14  
  200  15:17  Overseer x3  
  192  15:45  Hydralisk x4  
  200  16:01  Roach x4  
  200  16:02  Roach x4  
  200  16:03  Roach  
  200  16:05  Roach x3  
  200  16:06  Roach x3  
  200  16:07  Roach  
  200  16:09  Roach x5  
  174  16:24  Hydralisk x13  
  188  16:35  Hydralisk x7  
  197  16:41  Overseer x6  
  172  16:52  Roach x14  
  161  17:01  Viper  
  161  17:02  Viper x2  
  161  17:06  Lurker x5  
  161  17:07  Lurker  
  176  17:09  Roach x3  
  176  17:11  Extractor  
  176  17:13  Extractor  
  176  17:14  Overlord  
  180  17:16  Drone x3  
  180  17:17  Drone  
  180  17:18  Drone x2  
  166  17:36  Drone  
  167  17:39  Spine Crawler  
  167  17:40  Hydralisk, Spine Crawler  
  167  17:41  Hydralisk x6, Spine Crawler x2  
  174  17:54  Overlord  
  174  18:00  Lurker  
  174  18:01  Lurker x5  
  174  18:03  Hydralisk x3  
  154  18:23  Hydralisk x7  
  146  18:31  Hydralisk x2  
  137  18:46  Hydralisk  
  137  18:47  Hydralisk x4  
  131  19:03  Muscular Augments  
  127  19:26  Viper x3  
  127  19:34  Lurker x3  
  127  19:35  Lurker  
  127  19:36  Lurker  
  127  19:38  Lurker  
  129  19:43  Hatchery  
  122  19:50  Drone x2  
  122  20:00  Hatchery  
  122  20:01  Drone x3  
  124  20:14  Drone x6  
  124  20:19  Roach x5  
  130  20:24  Grooved Spines  
  130  20:50  Drone x6  
  136  21:01  Drone  
  136  21:02  Drone x2  
  116  21:31  Drone x7  
  114  21:34  Hydralisk x5  
  115  22:09  Hydralisk x7  
  126  22:26  Roach  
  126  22:27  Roach x5  
  136  22:48  Extractor  
  136  22:49  Extractor x2  
  133  22:53  Drone x3  
  133  22:54  Spine Crawler x2  
  134  23:01  Roach x5  
  140  23:22  Roach x5  
  112  23:52  Roach  
  112  23:53  Roach x4  
  82  24:26  Hatchery  
  81  24:35  Lurker  
  81  24:36  Lurker  
Tags
 
Add a new tag
Caveats
  • Supply blocks, unpowered buildings, or Contaminate may cause inaccurate times.
  • Supply counts are checked every 10 seconds.